 Dungeon Crawl Stone Soup version 0.26-a0-651-gb41185065b (webtiles) character file.

Game seed: 15436850447571314296

94874 Flugslaktarn the Severer (level 15, -4/148 HPs)
             Began as a Deep Dwarf Fighter on Oct 12, 2020.
             Was the Champion of Makhleb.
             Slain by an alligator snapping turtle (30 damage)
             ... on level 4 of the Shoals.
             The game lasted 00:12:05 (15315 turns).

Flugslaktarn the Severer (Deep Dwarf Fighter)      Turns: 15315, Time: 00:12:05

Health: -4/148     AC: 34    Str: 30    XL:     15   Next: 64%
Magic:  11/11      EV: 14    Int:  3    God:    Makhleb [******]
Gold:   1309       SH: 14    Dex: 24    Spells: 14/14 levels left

rFire    . . .     SeeInvis .   u - +1 broad axe (distort)
rCold    . . .     Faith    .   w - +0 kite shield {AC+3}
rNeg     + + +     Spirit   .   a - +1 plate armour of Yredelemnul's Pride {-Tele rCorr Int-4 Dex+9} (curse)
rPois    .         Reflect  .   K - +0 helmet
rElec    +         Harm     .   c - +2 cloak
rCorr    +         Rampage  .   D - +1 pair of gloves
MR       ++...     NoTele   +   f - +2 pair of boots
Stlth    ..........             (no amulet)
HPRegen  0.00/turn              y - ring "Acroitip" {rElec rN++ Str+8 Int-3 Stlth-}
MPRegen  0.12/turn              p - +4 ring of protection

@: non-regenerating, very slow
A: damage resistance, heal wounds, negative energy resistance 1, sense
surroundings 2, no regeneration
a: Heal Wounds, Minor Destruction, Lesser Servant of Makhleb, Major Destruction,
Greater Servant of Makhleb, Renounce Religion


You were on level 4 of the Shoals.
You worshipped Makhleb.
Makhleb was exalted by your worship.
You visited 5 branches of the dungeon, and saw 26 of its levels.

You collected 3233 gold pieces.
You spent 1924 gold pieces at shops.

Inventory:

Hand Weapons
 o - a +1 broad axe of flaming
   (You took it off a tengu warrior on level 15 of the Dungeon)
 u - a +1 broad axe of distortion (weapon)
   (You bought it in a shop on level 2 of the Orcish Mines)
 M - the +4 broad axe "Quaschuir" {flame, rElec Stlth+}
   (You found it on level 3 of the Shoals)

   It has been specially enchanted to burn those struck by it, causing extra
   injury to most foes and up to half again as much damage against particularly
   susceptible opponents.
   Big, fiery blades are also staple armaments of hydra-hunters.
   It insulates you from electricity.
   It makes you more stealthy.
Missiles
 J - 7 throwing nets (quivered)
Armour
 a - the cursed +1 plate armour of Yredelemnul's Pride (worn) {-Tele rCorr Int-4 Dex+9}
   (You bought it in a shop on level 2 of the Orcish Mines)

   It affects your intelligence (-4).
   It affects your dexterity (+9).
   It prevents most forms of teleportation.
   It provides partial protection from all sources of acid and corrosion.
   It has a curse placed upon it.
 c - a +2 cloak (worn)
   (You found it on level 4 of the Dungeon)
 f - a +2 pair of boots (worn)
   (You found it on level 1 of the Dungeon)
 v - a +0 plate armour
   (You took it off an orc warrior on level 10 of the Dungeon)
 w - a +0 kite shield of protection (worn)
   (You took it off a tengu warrior on level 14 of the Dungeon)
 D - a +1 pair of gloves (worn)
   (You found it on level 9 of the Dungeon)
 F - a +1 chain mail of positive energy
   (You found it on level 6 of the Dungeon)
 K - a +0 helmet (worn)
   (You found it on level 2 of the Shoals)
Jewellery
 p - a +4 ring of protection (right hand)
   (You found it on level 4 of the Lair of Beasts)
 y - the ring "Acroitip" (left hand) {rElec rN++ Str+8 Int-3 Stlth-}
   (You found it on level 5 of the Dungeon)

   [ring of attention]

   It affects your strength (+8).
   It affects your intelligence (-3).
   It insulates you from electricity.
   It greatly protects you from negative energy.
   It makes you less stealthy.
Wands
 g - a wand of digging (6)
   (You found it on level 4 of the Lair of Beasts)
 i - a wand of acid (6)
   (You found it on level 4 of the Shoals)
 I - a wand of iceblast (8)
   (You found it on level 11 of the Dungeon)
Scrolls
 h - 3 scrolls of immolation
 j - 2 scrolls of fog
 l - 3 scrolls of magic mapping
 t - 6 scrolls of teleportation
 x - 11 scrolls of remove curse
 z - a scroll of blinking
 B - 2 scrolls of fear
Potions
 b - 5 potions of flight
 d - 2 potions of might
 e - a potion of ambrosia
 k - 2 potions of lignification
 m - 4 potions of heal wounds
 n - 3 potions of resistance
 q - 10 potions of curing
 s - 3 potions of magic
 A - a potion of berserk rage
 E - 5 potions of haste
 G - 2 potions of mutation
 H - a potion of cancellation


   Skills:
 * Level 13.5 Fighting
 * Level 15.6 Axes
 + Level 11.9 Armour
 - Level 9.1 Dodging
 * Level 10.4 Shields
 + Level 12.3 Invocations
 + Level 8.1 Evocations


You had 14 spell levels left.
You didn't know any spells.
Your spell library was empty.

Dungeon Overview and Level Annotations

Branches:
Dungeon (15/15)            Temple (1/1) D:4            Lair (4/6) D:9
 Shoals (4/4) Lair:4        Snake (0/4) Lair:3          Orc (2/2) D:10
    Elf (0/3) Orc:2        Vaults (0/5) D:13         Depths (0/5) D:15

Altars:
Ashenzari
Cheibriados
Dithmenos
Elyvilon
Fedhas
Gozag
Hepliaklqana
Kikubaaqudgha
Makhleb
Nemelex Xobeh
Okawaru
Qazlal
Ru
Sif Muna
Trog
Uskayaw
Vehumet
Wu Jian
Xom
Yredelemnul
Zin
The Shining One

Shops:
D:11 (   D:12 ?!([   Orc:2 [!*(=

Annotations:
D:14 2 runed translucent doors, Deiruco's ghost, journeyman MiFi


Innate Abilities, Weirdness & Mutations

You are resistant to damage.
You can heal yourself by infusing magical energy.
You resist negative energy. (rN+)
You passively map the area around you.
You do not regenerate.


Message History

You feel much better.
The alligator snapping turtle bites you from afar.
* * * LOW HITPOINT WARNING * * *
You block the merfolk impaler's attack.
The merfolk javelineer throws a silver javelin.
The silver javelin misses you.
Your balrug closely misses the merfolk impaler.
The alligator snapping turtle bites you but does no damage.
Evoke which item? (* to show all) (? for menu, Esc to quit)
Okay, then.
The merfolk impaler barely misses you.
Your balrug hits the merfolk impaler with a +0 demon whip!!
The merfolk impaler is engulfed in flames!!
The merfolk impaler dies!
Makhleb accepts your kill.
The merfolk javelineer throws a silver javelin.
The silver javelin pierces through you!
* * * LOW HITPOINT WARNING * * *
The alligator snapping turtle bites you from afar!!
You die...

.....≈≈≈...........≈..≈≈≈≈≈≈≈≈≈≈
##########.........≈≈≈≈≈≈≈≈≈≈≈≈≈
* #..........≈≈≈≈≈≈≈≈≈≈≈≈ , *
#..........≈≈≈)≈≈≈≈≈≈≈ ,_ ≈
#....(..(..≈≈≈≈≈≈≈≈≈≈≈ ≈≈
≈*#........≈≈≈≈≈≈≈≈≈≈≈≈≈≈ ≈
#.#....≈≈≈≈≈≈≈≈≈≈≈≈≈≈≈ ≈*
#.#....≈≈≈≈≈≈≈≈≈≈≈≈≈≈≈≈ ≈≈ ≈*
#.#....@≈≈≈≈≈≈≈≈≈≈≈≈≈≈≈ ≈ *
#.#...≈≈≈2≈≈≈≈≈≈≈≈≈≈≈≈ ≈ , , ,
###.....≈#tt##≈≈≈≈≈≈≈≈≈≈ ≈
,.≈≈≈≈≈≈≈##m≈m##≈≈≈≈≈≈≈≈≈ ≈ ≈
.≈≈≈≈≈≈≈#mktm≈#≈≈≈≈≈≈≈ ≈ ≈ ,
.≈≈≈≈≈≈≈#≈mφ≈≈#≈≈≈≈≈≈ ≈
.≈≈≈≈≈≈≈#≈≈≈≈≈.≈≈≈≈≈≈ ≈ ,
≈≈≈≈≈≈≈≈##≈≈≈##≈≈ ≈ ≈ ≈≈
≈≈≈≈..≈≈≈##### ≈≈≈ ≈ ≈ ≈


You could see 2 alligator snapping turtles, 2 merfolk impalers, a merfolk
javelineer, a merfolk aquamancer, a snapping turtle, a wind drake (repels
missiles) and a friendly balrug (summoned).

Vanquished Creatures
  Kirke (D:15)
  An orc warlord (Orc:2)
  Nessos (D:14)
  Azrael (D:13)
  A merfolk javelineer (Shoals:1)
  A merfolk impaler (Shoals:4)
  An ogre mage (D:15)
  Harold (D:8)
  2 hydras
  A great orb of eyes (D:15)
  2 alligator snapping turtles (Shoals:4)
  6 two-headed ogres
  2 centaur warriors (D:15)
  4 tengu warriors
  A merfolk aquamancer (Shoals:4)
  3 death yaks (D:9)
  2 orc high priests (Orc:2)
  3 sea snakes
  4 unseen horrors
  A phantasmal warrior (D:13)
  11 harpies
  2 lindwurms (Lair:3)
  3 orc knights
  8 orc sorcerers
  3 manticores
  Pikel (D:8)
  11 ugly things
  5 fauns (Shoals:3)
  8 cyclopes
  2 black mambas
  A torpor snail (Lair:4)
  A water nymph (Shoals:2)
  4 cane toads
  2 gargoyles
  8 merfolk sirens
  3 komodo dragons
  9 trolls
  A tengu conjurer (D:13)
  A polar bear (Lair:4)
  13 merfolk
  3 blink frogs (Lair:4)
  A wind drake (Shoals:3)
  3 hornets
  5 hippogriffs
  2 snapping turtles
  7 dream sheep
  3 shadows
  2 water elementals (Shoals:4)
  A centaur simulacrum (D:15)
  4 wraiths
  A hog (D:15)
  A wyvern (D:14)
  14 yaks
  A steam dragon (D:12)
  4 basilisks
  8 vampire mosquitoes
  A warg (shapeshifter) (D:13)
  9 wargs
  3 nagas (Lair:3)
  A soldier ant (D:11)
  A hell hound (D:13)
  3 porcupines (Lair:3)
  6 water moccasins
  3 eyes of draining
  24 orc warriors
  3 phantoms
  5 sky beasts
  An ice beast (D:11)
  11 ogres
  5 black bears
  11 wolves
  4 boggarts (Lair:4)
  5 centaurs
  5 crocodiles
  A wyvern zombie (D:12)
  16 bullfrogs
  Blork the orc (D:5)
  A water moccasin zombie (D:5)
  2 scorpions
  2 wyvern skeletons
  13 wights
  7 killer bees (D:11)
  A howler monkey (D:8)
  An electric eel (Orc:1)
  2 quasits
  4 bullfrog skeletons
  11 hounds
  10 orc priests
  4 jellies
  8 centaur skeletons
  7 iguanas
  9 orc wizards
  Natasha (twice) (D:4)
  A hell rat (D:9)
  12 worker ants
  A howler monkey zombie (D:10)
  7 gnolls
  7 adders
  A shadow imp (D:5)
  A white imp (D:8)
  2 ufetubi
  An ooze (D:4)
  An adder skeleton (D:4)
  2 dart slugs
  2 worms (D:5)
  3 leopard geckos
  58 orcs
  6 bats
  6 giant cockroaches
  4 goblins
  3 hobgoblins (D:1)
  14 jackals
  2 kobolds (D:1)
  7 quokkas
  A ball python (D:5)
  6 frilled lizards
  A jackal skeleton (D:5)
  2 leopard gecko zombies
  3 rats (D:1)
  2 bushes (Lair:3)
  A tentacle (Shoals:1)
556 creatures vanquished.

Vanquished Creatures (collateral kills)
  Rupert (D:13)
  A merfolk javelineer (Shoals:3)
  A merfolk impaler (Shoals:4)
  2 hydras (D:13)
  A tengu warrior (D:13)
  2 manticores
  2 fauns (Shoals:3)
  A cyclops (Orc:2)
  A water nymph (Shoals:4)
  A centaur skeleton (D:13)
  2 ice devils (D:13)
  A freezing wraith (D:13)
  A snapping turtle (Shoals:4)
  3 fire elementals (D:13)
  3 hogs (D:15)
  2 hell hounds (D:13)
  An acid dragon (D:13)
  An ogre (D:13)
  A wyvern zombie (D:13)
  A wight (D:13)
  A bullfrog skeleton (D:13)
  2 orcs (D:13)
32 creatures vanquished.

Vanquished Creatures (others)
  A merfolk aquamancer (Shoals:4)
  A human (D:15)
  10 fungi
  22 plants
  3 tentacles (Shoals:1)
  A withered plant (D:4)
38 creatures vanquished.

Grand Total: 626 creatures vanquished

Notes
Turn   | Place    | Note
-------+----------+-------------------------------------------
     0 | D:1      | Flugslaktarn the Deep Dwarf Fighter began the quest for the
                  | Orb.
     0 | D:1      | Reached XP level 1. HP: 20/20 MP: 1/1
   139 | D:1      | Reached XP level 2. HP: 25/27 MP: 2/2
   337 | D:2      | Reached XP level 3. HP: 28/34 MP: 3/3
   484 | D:3      | Reached skill level 3 in Axes
   543 | D:3      | You fall into a shaft and drop 2 floors!
   543 | D:5      | Entered Level 5 of the Dungeon
   569 | D:5      | Noticed a centaur
   573 | D:5      | Noticed Blork the orc
   585 | D:5      | Killed a centaur
   585 | D:5      | Reached XP level 4. HP: 37/43 MP: 4/4
   614 | D:5      | Killed Blork the orc
   614 | D:5      | Reached XP level 5. HP: 34/50 MP: 4/4
   660 | D:5      | Reached skill level 4 in Axes
   672 | D:5      | Reached XP level 6. HP: 27/57 MP: 5/5
   878 | D:4      | Reached skill level 1 in Dodging
   885 | D:4      | Reached skill level 5 in Axes
   885 | D:4      | Reached XP level 7. HP: 26/66 MP: 4/4
   914 | D:4      | Found a staircase to the Ecumenical Temple.
   935 | Temple   | Entered the Ecumenical Temple
  1257 | D:4      | Found a basalt altar of Yredelemnul.
  1325 | D:4      | Noticed Natasha
  1339 | D:4      | Killed Natasha
  1603 | D:4      | Reached skill level 5 in Fighting
  1742 | D:4      | Reached skill level 5 in Armour
  1747 | D:4      | Found a white marble altar of Elyvilon.
  1747 | D:4      | Found an iron altar of Okawaru.
  1752 | D:4      | Found an ornate altar of the Wu Jian Council.
  1754 | D:4      | Found a bloodstained altar of Trog.
  1755 | D:4      | Found a glowing silver altar of Zin.
  1779 | D:4      | Noticed Natasha
  1788 | D:4      | Killed Natasha
  1962 | D:5      | Reached skill level 6 in Axes
  2014 | D:5      | Got an ancient lead ring
  2420 | D:5      | Identified the ring "Acroitip" {rElec rN++ Str+8 Int-3
                  | Stlth-} (You found it on level 5 of the Dungeon)
  2471 | D:6      | Reached XP level 8. HP: 49/75 MP: 5/5
  3052 | D:7      | Found a burning altar of Makhleb.
  3060 | D:7      | Became a worshipper of Makhleb the Destroyer
  3068 | D:7      | Reached skill level 7 in Axes
  3168 | D:7      | Killed an unseen horror
  3168 | D:7      | Gained mutation: You passively map the area around you.
                  | [Deep Dwarf growth]
  3168 | D:7      | Reached XP level 9. HP: 43/85 MP: 5/7
  3196 | D:7      | Found a blossoming altar of Fedhas.
  3432 | D:7      | Found a radiant altar of Vehumet.
  3443 | D:7      | Found an ancient bone altar of Kikubaaqudgha.
  3456 | D:7      | Found a shimmering blue altar of Sif Muna.
  3559 | D:7      | You fall into a shaft and drop 3 floors!
  3559 | D:10     | Entered Level 10 of the Dungeon
  3599 | D:10     | Paralysed by a hornet for 1 turns
  3606 | D:10     | Reached skill level 8 in Axes
  3675 | D:10     | Reached * piety under Makhleb
  3790 | D:10     | Noticed a troll
  3802 | D:10     | Killed a troll
  3802 | D:10     | Reached skill level 5 in Dodging
  3810 | D:9      | Noticed a two-headed ogre
  3827 | D:9      | Killed a two-headed ogre
  3827 | D:9      | Reached skill level 9 in Axes
  3827 | D:9      | Reached XP level 10. HP: 40/96 MP: 10/10
  3883 | D:8      | Reached skill level 5 in Invocations
  4042 | D:8      | Noticed Pikel
  4061 | D:8      | Killed Pikel
  4148 | D:8      | Noticed Harold
  4169 | D:8      | Killed Harold
  4244 | D:8      | Reached ** piety under Makhleb
  4431 | D:7      | Reached skill level 10 in Axes
  4943 | D:9      | Noticed a death yak
  4945 | D:9      | Found a staircase to the Lair.
  4945 | D:9      | Noticed a death yak
  4946 | D:9      | Noticed a death yak
  4980 | D:9      | Killed a death yak
  4991 | D:9      | Killed a death yak
  5005 | D:9      | Killed a death yak
  5005 | D:9      | Reached XP level 11. HP: 34/106 MP: 12/12
  6071 | D:10     | Found a staircase to the Orcish Mines.
  6198 | D:10     | Reached *** piety under Makhleb
  6202 | D:10     | Reached skill level 11 in Axes
  6702 | D:11     | Found Gior's Antique Weapon Shop.
  6771 | D:11     | Reached skill level 10 in Fighting
  7147 | D:12     | Found Anigrim's Magic Scroll Shop.
  7155 | D:12     | Bought a scroll of brand weapon for 300 gold pieces
  7155 | D:12     | Bought a scroll of enchant armour for 112 gold pieces
  7243 | D:12     | Found Racuuriump's Armour Boutique.
  7249 | D:12     | Reached **** piety under Makhleb
  7402 | D:12     | Found a bloodstained altar of Trog.
  7594 | D:12     | Found Lechuk's Distillery.
  7621 | D:12     | Found Vyocwade's Weapon Boutique.
  7740 | D:12     | Reached XP level 12. HP: 105/116 MP: 14/14
  7839 | D:13     | Noticed a tengu warrior
  7844 | D:13     | Noticed a four-headed hydra
  7864 | D:13     | Killed a seven-headed hydra
  7864 | D:13     | Reached skill level 12 in Axes
  7878 | D:13     | Killed a tengu warrior
  7918 | D:13     | Noticed a two-headed ogre
  7919 | D:13     | Noticed Rupert
  7939 | D:13     | Killed a two-headed ogre
  7958 | D:13     | Killed Rupert
  8026 | D:13     | Noticed a six-headed hydra
  8041 | D:13     | Killed a ten-headed hydra
  8133 | D:13     | Found a frozen archway.
  8194 | D:13     | Noticed Azrael
  8209 | D:13     | Killed Azrael
  8262 | D:13     | Noticed a two-headed ogre
  8270 | D:13     | Killed a two-headed ogre
  8340 | D:13     | Found a gate to the Vaults.
  8515 | D:14     | Reached skill level 10 in Armour
  8578 | D:14     | Noticed Nessos
  8613 | D:14     | Killed Nessos
  8613 | D:14     | Reached skill level 13 in Axes
  8671 | D:14     | Reached XP level 13. HP: 68/127 MP: 13/13
  8695 | D:14     | Reached skill level 1 in Evocations
  8769 | D:14     | Found a large runed translucent door.
  8786 | D:14     | Found a large runed translucent door.
  9168 | D:14     | Noticed Deiruco's ghost (journeyman MiFi)
  9194 | D:15     | Entered Level 15 of the Dungeon
  9344 | D:15     | Reached skill level 10 in Invocations
  9380 | D:15     | Reached skill level 5 in Shields
  9398 | D:15     | Noticed Kirke
  9406 | D:15     | Noticed a sphinx
  9416 | D:15     | Killed Kirke
  9501 | D:15     | Reached ***** piety under Makhleb
  9650 | D:15     | Found a staircase to the Depths.
  9883 | D:15     | Found a white marble altar of Elyvilon.
 10419 | Lair:1   | Entered Level 1 of the Lair of Beasts
 10423 | Lair:1   | Reached skill level 14 in Axes
 10426 | Lair:1   | Gained mutation: You resist negative energy. (rN+) [Deep
                  | Dwarf growth]
 10426 | Lair:1   | Reached XP level 14. HP: 138/138 MP: 13/13
 10869 | Lair:2   | Reached skill level 5 in Evocations
 11219 | Lair:3   | Found a staircase to the Snake Pit.
 11934 | Lair:3   | Paralysed by a hornet for 1 turns
 11958 | Lair:3   | Paralysed by a hornet for 1 turns
 12364 | Lair:4   | Found a staircase to the Shoals.
 12607 | Orc:1    | Entered Level 1 of the Orcish Mines
 12939 | Orc:2    | Entered Level 2 of the Orcish Mines
 12948 | Orc:2    | Found Delakhlu's Antique Armour Emporium.
 12951 | Orc:2    | Reached ****** piety under Makhleb
 13107 | Orc:2    | Noticed an orc warlord
 13107 | Orc:2    | Found Juwoe's Distillery.
 13143 | Orc:2    | Killed an orc warlord
 13182 | Orc:2    | Found Poolory's General Store.
 13234 | Orc:2    | Found a staircase to the Elven Halls.
 13296 | Orc:2    | Found Qaolycs's Antique Weapon Boutique.
 13310 | Orc:2    | Found Kyrae's Jewellery Shop.
 13693 | Orc:2    | Bought a faintly glowing plate armour for 868 gold pieces
 13703 | Orc:2    | Identified the cursed +1 plate armour of Yredelemnul's
                  | Pride {-Tele rCorr Int-4 Dex+9} (You bought it in a shop on
                  | level 2 of the Orcish Mines)
 13763 | Orc:2    | Bought a runed broad axe for 252 gold pieces
 14189 | Orc:2    | Bought a potion of haste for 140 gold pieces
 14189 | Orc:2    | Bought a potion of resistance for 140 gold pieces
 14189 | Orc:2    | Bought a potion of heal wounds for 70 gold pieces
 14189 | Orc:2    | Bought a potion of curing for 42 gold pieces
 14438 | Shoals:1 | Entered Level 1 of the Shoals
 14528 | Shoals:1 | Noticed a kraken
 14537 | Shoals:1 | Banished a kraken
 14579 | Shoals:1 | Reached XP level 15. HP: 112/147 MP: 12/12
 14642 | Shoals:1 | Reached skill level 15 in Axes
 14854 | Shoals:3 | Got a brightly glowing broad axe
 14855 | Shoals:3 | Identified the +4 broad axe "Quaschuir" {flame, rElec
                  | Stlth+} (You found it on level 3 of the Shoals)
 14856 | Shoals:3 | Identified a scroll of acquirement
 14857 | Shoals:3 | Acquired 1081 gold pieces
 15025 | Shoals:4 | Entered Level 4 of the Shoals
 15045 | Shoals:4 | Reached skill level 10 in Shields
 15087 | Shoals:4 | Identified the +8 battleaxe "Hiusealo" {freeze, rC+ rN+}
 15315 | Shoals:4 | Slain by an alligator snapping turtle

Illustrated notes

Levels and vault maps discovered:
D:1:      dpeg_arrival_arbitrary_c, layout_loops_ring
D:2:      layout_rooms
D:3:      layout_basic, uniq_robin
D:4:      layout_loops_corners, chequers_temple_overflow_minitemple,
          minmay_temple_entry_proselytizer, yredelemnul_altar_generic,
          uniq_natasha
D:5:      layout_loops_ring, uniq_blork_the_orc
D:6:      layout_basic, kennysheep_generic_room_2
D:7:      layout_loops_cross, palyth_temple_overflow_mages, bloody_makhleb,
          lemuel_statue_altar
D:8:      cheibrodos_quashed, layout_basic, lightli_corner_chamber, uniq_pikel,
          uniq_harold
D:9:      layout_long_grid, dpeg_lair_monsters
D:10:     layout_stronghold, orc_0_dummy
D:11:     layout_cross, serial_shops, shop, nrook_mini_vaults, eino_jars
D:12:     layout_irregular_city, serial_shops, shop, shop_coins, shop, shop,
          basic_altar, statue_in_the_mist_lemuel, small_chamber_with_monster
D:13:     layout_cave_pools, david_vaults_4, portal_ice_cave_demonic_guard,
          uniq_azrael, uniq_rupert
D:14:     layout_roguey, ebering_ghost_disaster_area, nrook_uturn, uniq_nessos
D:15:     hangedman_depths_entry_civil_slaughter, layout_long_grid,
          elyvilon_altar_5, uniq_kirke
Temple:   oiseaux_autumnal_temple
Lair:1:   layout_chaotic_city
Lair:2:   layout_roguey, st_stairs_12, serial_bayou_crossing
Lair:3:   cheibrodos_lair_overgrown_chateau, layout_gridlike,
          minmay_snake_entry_guardpost_medium, serial_bayou_pond_a
Lair:4:   regret_index_bee_streams, layout_misc_corridors,
          elwin_shoals_entry_stream, kilobyte_rumbling_trees
Shoals:1: layout_shoals
Shoals:2: layout_shoals
Shoals:3: cheibrodos_shoals_oceanic_diplomacy, layout_shoals,
          nicolae_shoals_undead_eyrie
Shoals:4: shoals_end_simple, layout_shoals, lemuel_centaur_altar
Orc:1:    layout_diamond_mine, nooodl_orcs_dogs
Orc:2:    grunt_orc_gardens, layout_caves, grunt_orc_garden, grunt_orc_garden,
          grunt_orc_garden, grunt_orc_garden, serial_shops, shop

Skill      XL: |  1  2  3  4  5  6  7  8  9 10 11 12 13 14 15 |
---------------+----------------------------------------------+-----
Fighting       | 3 4 5 6 8 9 10 11 12 13 | 13.5
Axes           | 3 4 5 6 7 9 10 11 13 14 15 | 15.6
Armour         | 4 5 6 7 8 9 10 11 | 11.9
Shields        | 4 7 9 10 | 10.4
Dodging        | 1 2 4 5 6 7 9 |  9.1
Invocations    | 2 4 6 8 9 10 11 12 | 12.3
Evocations     | 4 7 8 |  8.1

Action                   |  1- 3 |  4- 6 |  7- 9 | 10-12 | 13-15 || total
-------------------------+-------+-------+-------+-------+-------++-------
Melee: War axe           |    95 |   113 |   322 |   770 |   303 ||  1603
       Broad axe         |       |       |       |       |   815 ||   815
Invok: Lesser Servant of |       |       |       |     9 |     5 ||    14
       Greater Servant o |       |       |       |       |     3 ||     3
 Abil: Heal Wounds       |     1 |     5 |    17 |    20 |    19 ||    62
Evoke: Wand              |       |       |       |     7 |     3 ||    10
  Use: Scroll            |       |       |     6 |    13 |    14 ||    33
       Potion            |       |       |     2 |     2 |     2 ||     6
 Stab: Distracted        |       |       |       |     9 |     4 ||    13
       Confused          |       |       |       |       |     2 ||     2
Armor: Scale mail        |    69 |       |       |       |       ||    69
       Chain mail        |    11 |    50 |   180 |   451 |   390 ||  1082
       Plate armour      |       |       |    26 |       |   302 ||   328
Dodge: Dodged            |    44 |    16 |    65 |   280 |   558 ||   963
Block: Kite shield       |    64 |    63 |    18 |       |   813 ||   958
       Tower shield      |       |       |   261 |   793 |    35 ||  1089

Table legend: (Time is in decaauts)
 A = Elapsed time spent in this place.
 B = Non-inter-level travel time spent in this place.
 C = Inter-level travel time spent in this place.
 D = Time resting spent in this place.
 E = Time spent auto-exploring this place.
 F = Levels seen in this place.
 G = Mean time per level.
                   A        B        C        D        E       F      G
               +--------+--------+--------+--------+--------+-----+--------+
         Total |  15569 |  14147 |   1422 |      0 |   9731 |  26 |  598.8 |
       Dungeon |  10561 |   9804 |    757 |      0 |   6697 |  15 |  704.1 |
        Temple |    246 |    237 |      9 |      0 |    235 |   1 |  246.0 |
          Lair |   2227 |   1854 |    373 |      0 |   1442 |   4 |  556.8 |
        Shoals |    914 |    860 |     54 |      0 |    275 |   4 |  228.5 |
  Orcish Mines |   1620 |   1392 |    228 |      0 |   1082 |   2 |  810.0 |
               +--------+--------+--------+--------+--------+-----+--------+

Top non-repeatable levels by time:
    D:10: 1313 daAuts
  Lair:3: 1027 daAuts
    D:15: 1019 daAuts
     D:4: 1014 daAuts
   Orc:2: 927 daAuts
    D:12: 838 daAuts
  Lair:2: 836 daAuts
     D:8: 816 daAuts
     D:9: 814 daAuts
     D:7: 779 daAuts
    D:14: 761 daAuts
     D:5: 727 daAuts
   Orc:1: 692 daAuts
    D:13: 677 daAuts
     D:6: 627 daAuts
